 Dungeon Crawl Stone Soup version 0.24.0-1-gfbc8707 (webtiles) character file.

Game seed: 851801763468810982, levelgen mode: deterministic

682 Buxparty the Chopper (level 7, 0/56 HPs)
             Began as a Mummy Gladiator on Jan 7, 2020.
             Slain by a sky beast (2 damage)
             ... on level 5 of the Dungeon.
             The game lasted 00:09:57 (3696 turns).

Buxparty the Chopper (Mummy Gladiator)              Turns: 3696, Time: 00:09:58

Health: 0/56       AC:  5    Str: 19      XL:     7   Next: 34%
Magic:  7/7        EV: 12    Int:  7      God:
Gold:   393        SH:  0    Dex: 13 (14) Spells: 6/6 levels left

rFire    . . .     SeeInvis .   a - +0 war axe
rCold    + . .     Gourm    .   (no shield)
rNeg     + + +     Faith    .   b - +0 leather armour
rPois    ∞         Spirit   .   c - +0 helmet
rElec    .         Reflect  .   n - +0 cloak
rCorr    .         Harm     .   (no gloves)
MR       .....                  (no boots)
Stlth    +.........             (no amulet)
HPRegen  0.18/turn              h - ring of protection from cold
MPRegen  0.10/turn              r - ring of fire

@: no status effects
A: no food or potions, fire vulnerability, cold resistance 1, negative energy
resistance 3, torment resistance, unbreathing
a: no special abilities


You were on level 5 of the Dungeon.
You were not hungry.

You visited 1 branch of the dungeon, and saw 5 of its levels.

You collected 393 gold pieces.

Inventory:

Hand Weapons
 a - a +0 war axe (weapon)
 o - a +0 hunting sling of freezing
Missiles
 k - 3 atropa-tipped darts
 m - 2 throwing nets (quivered)
Armour
 b - a +0 leather armour (worn)
 c - a +0 helmet (worn)
 n - a +0 cloak (worn)
Jewellery
 h - a ring of protection from cold (left hand)
 r - a ring of fire (right hand)
Wands
 d - a wand of polymorph (3)
Scrolls
 e - 5 scrolls of enchant armour {unknown}
 f - 3 scrolls of remove curse {unknown}
 g - a scroll of blinking {unknown}
 i - 2 scrolls of noise {unknown}
 j - 2 scrolls of amnesia {unknown}
 l - a scroll of immolation {unknown}
 p - 2 scrolls of teleportation {unknown}
 q - 2 scrolls of identify {unknown}


   Skills:
 + Level 5.0 Fighting
 * Level 6.0 Axes
 - Level 1.5 Throwing
 - Level 2.4 Dodging


You had 6 spell levels left.
You didn't know any spells.
Your spell library contained the following spells:

 Spells                   Type           Power        Failure   Level  Hunger
 Magic Dart               Conj           #...         50%         1    N/A
 Blink                    Tloc           N/A          63%         2    N/A
 Call Imp                 Summ           #.......     63%         2    N/A
 Slow                     Hex            #.......     63%         2    N/A
 Conjure Flame            Conj/Fire      #.......     86%         3    N/A
 Mephitic Cloud           Conj/Pois/Air  #.......     86%         3    N/A

Dungeon Overview and Level Annotations

Branches:
Dungeon (5/15)
 Temple: D:4-7

Altars:
Nemelex Xobeh
Ru
Sif Muna
Vehumet
The Shining One

Annotations:
D:3 2 transporters, Buxparty's ghost, amateur DDHu
D:4 3 runed translucent doors, Scrawl's ghost, amateur GnSk


Innate Abilities, Weirdness & Mutations

You do not eat or drink.
Your flesh is vulnerable to fire.
You are immune to poison.
Your flesh is cold resistant. (rC+)
You are immune to negative energy. (rN+++)
You are immune to unholy pain and torment.
You can survive without breathing.


Message History

You hit the sky beast but do no damage.
The sky beast is moderately wounded.
The sky beast hits you.
* * * LOW HITPOINT WARNING * * *
The sky beast shocks you.
* * * LOW HITPOINT WARNING * * *
You hit the sky beast but do no damage.
The sky beast is moderately wounded.
The sky beast barely misses you.
Your leather armour prevents you from hitting the sky beast.
The sky beast is moderately wounded.
The sky beast completely misses you.
The sky beast hits you but does no damage.
You hit the sky beast.
The sky beast is heavily wounded.
The sky beast flickers out of sight!
Deactivating autopickup; reactivate with Ctrl-A.
Something hits you but does no damage.
You barely miss something. Something hits you.
You die...

##.?.............#
#...........!.......
#....................
##....#...............#
#....###..............#
##...####..........>...
#....###........####
##....##.......##
##..@.......
##.{....... ##........
##....<<. .......
......# ....... .......


There were no monsters in sight!

Vanquished Creatures
  Sigmund (D:2)
  Eustachio (D:4)
  A scorpion (D:4)
  A howler monkey (D:4)
  A hound (D:4)
  An orc wizard (D:3)
  An orc priest (D:4)
  An iguana (D:5)
  A worker ant (D:5)
  A hound skeleton (D:4)
  Robin (D:4)
  2 adders
  3 oozes
  An adder skeleton (D:4)
  An adder zombie (D:5)
  2 worms (D:3)
  2 dart slugs
  4 leopard geckos
  An orc (D:3)
  A ball python (D:2)
  4 giant cockroaches
  18 goblins
  7 hobgoblins
  9 jackals
  9 bats
  3 frilled lizards
  4 kobolds
  A quokka skeleton (D:4)
  9 rats
92 creatures vanquished.

Notes
Turn   | Place    | Note
-------+----------+-------------------------------------------
     0 | D:1      | Buxparty the Mummy Gladiator began the quest for the Orb.
     0 | D:1      | Reached XP level 1. HP: 16/16 MP: 1/1
    67 | D:1      | Reached XP level 2. HP: 22/22 MP: 2/2
   167 | D:1      | Reached skill level 3 in Axes
   972 | D:2      | Reached XP level 3. HP: 27/28 MP: 3/3
  1029 | D:2      | Noticed Sigmund
  1061 | D:2      | Killed Sigmund
  1061 | D:2      | Reached skill level 4 in Axes
  1061 | D:2      | Reached XP level 4. HP: 10/36 MP: 4/4
  1061 | D:2      | Reached XP level 5. HP: 12/41 MP: 5/5
  1830 | D:3      | Found a sacrificial altar of Ru.
  1832 | D:3      | Found a shimmering blue altar of Sif Muna.
  1832 | D:3      | Found a glowing golden altar of the Shining One.
  1832 | D:3      | Found a sparkling altar of Nemelex Xobeh.
  1847 | D:3      | Found a transporter.
  1847 | D:3      | Noticed Buxparty's ghost (amateur DDHu)
  1866 | D:3      | Found a transporter.
  1888 | D:3      | Found a radiant altar of Vehumet.
  2103 | D:4      | Noticed Eustachio
  2217 | D:4      | Reached XP level 6. HP: 39/48 MP: 6/6
  2236 | D:4      | Reached skill level 5 in Axes
  2501 | D:4      | Killed Eustachio
  2728 | D:4      | Reached XP level 7. HP: 52/55 MP: 7/7
  3077 | D:4      | Found a runed translucent gate.
  3078 | D:4      | Found a runed translucent gate.
  3078 | D:4      | Found a runed translucent gate.
  3078 | D:4      | Noticed Scrawl's ghost (amateur GnSk)
  3142 | D:4      | Noticed Robin
  3152 | D:4      | Killed Robin
  3485 | D:5      | Entered Level 5 of the Dungeon
  3570 | D:5      | Reached skill level 6 in Axes
  3674 | D:5      | Reached skill level 5 in Fighting
  3692 | D:5      | HP: 1/56 [sky beast (5)]
  3696 | D:5      | Slain by a sky beast

Levels and vault maps discovered:
D:1:      dpeg_arrival_stone_temple_mockup, layout_rooms, roderic_roman_lattice,
          chequers_jeans, minivault_5, minmay_cupped
D:2:      layout_loops_ring, uniq_sigmund
D:3:      layout_rooms, chequers_temple_overflow_statue_of_worship,
          nicolae_overflow_crystal_walls, gammafunk_ghost_arena, first_ration
D:4:      layout_loops_corners, gammafunk_ghost_split, uniq_eustachio,
          uniq_robin
D:5:      layout_layer_cave, minmay_temple_entry_wispy

Skill      XL: |  1  2  3  4  5  6  7 |
---------------+----------------------+-----
Axes           | 3 4 5 6 |  6.0
Fighting       | 3 4 5 |  5.0
Throwing       | |  1.5
Dodging        | |  2.4

Action                   |  1- 3 |  4- 6 |  7- 9 || total
-------------------------+-------+-------+-------++-------
Melee: War axe           |    81 |   129 |    87 ||   297
Throw: Dart              |     5 |     3 |       ||     8
       Throwing net      |     3 |     3 |       ||     6
 Stab: Invisible         |     1 |       |       ||     1
       Sleeping          |       |     1 |     1 ||     2
Armor: Leather armour    |    30 |    73 |    29 ||   132
Dodge: Dodged            |    75 |   141 |    44 ||   260
